 Seeded DCSS version 0.31-a0-675-g238779eb0a (webtiles) character file.

Game seed: 12071818206176144578 (custom seed)

163523 Juicyj the Protected (level 16, -3/124 (132) HPs)
             Began as a Demonspawn Gladiator on Sept 1, 2023.
             Was the Champion of Jiyva.
             Killed from afar by an ironbound frostheart (25 damage)
             ... by creeping frost
             ... on level 2 of the Vaults on Sept 5, 2023.
             The game lasted 01:00:23 (21322 turns).

Juicyj the Protected (Demonspawn Gladiator)        Turns: 21322, Time: 01:00:24

HP:   -3/124 (132)  AC: 27    Str: 27    XL:     16   Next: 99%
MP:   20/20         EV: 20    Int: 19    God:    Jiyva [******]
Gold: 413           SH:  0    Dex: 23    Spells: 15/15 levels left

rFire   . . .        y - +4 broad axe (flame)
rCold   . . .        (no shield)
rNeg    . . .        Q - +2 plate armour {rC+}
rPois   +            (helmet restricted)
rElec   .            N - scarf {repulsion}
rCorr   +            (gloves unavailable)
SInv    .            (no boots)
Will    ++...        (no amulet) Stlth
                     j - +4 ring of protection
HPRegen 2.00/turn    T - ring "Huig" {rC- Str+8 Int+6 Dex+4 Stlth-}
MPRegen 0.67/turn

%: repel missiles
@: studying Poison Magic, drained
A: slimy green scales 3, icemail 1, powered by pain 2, condensation shield,
demonic touch 3, horns 1, agile 1, clever 1, high MP 3, strong-willed 1,
gelatinous body 1, translucent skin 2, sturdy frame 3, engulf
}: 1/15 runes: slimy
a: Renounce Religion, Oozemancy, Slimify


You were on level 2 of the Vaults.
You worshipped Jiyva.
Jiyva was exalted by your worship.
You visited 5 branches of the dungeon, and saw 29 of its levels.
You also visited: Sewer, Gauntlet and Ice Cave.

You collected 1777 gold pieces.
You spent 1364 gold pieces at shops.

Inventory:

Hand Weapons
 y - a +4 broad axe of flaming (weapon)
 Z - the +8 lance "Wyrmbane" {slay drac, rPois rF+ rC+ AC+3}
   (You found it on level 5 of the Lair of Beasts)

   AC+3:      It affects your AC (+3).
   rF+:       It protects you from fire.
   rC+:       It protects you from cold.
   rPois:     It protects you from poison
Missiles
 b - 6 silver javelins
 d - 2 throwing nets (quivered)
 e - 5 javelins
Armour
 N - a scarf of repulsion (worn)
 Q - a +2 plate armour of cold resistance (worn)
Jewellery
 h - the ring of Miog {rN+ rCorr Int+7}
   (You found it on level 5 of the Pits of Slime)

   [ring of positive energy]

   Int+7:     It affects your intelligence (+7).
   rN+:       It protects you from negative energy.
   rCorr:     It protects you from acid and corrosion.
 j - a +4 ring of protection (left hand)
 q - a ring of flight
 s - the amulet "Kybb" {Acrobat -Tele rElec Int+3 Dex+4}
   (You found it on level 5 of the Pits of Slime)

   [amulet of the acrobat]

   Acrobat:   It increases your evasion while moving and waiting.
   Int+3:     It affects your intelligence (+3).
   Dex+4:     It affects your dexterity (+4).
   rElec:     It insulates you from electricity.
   -Tele:     It prevents most forms of teleportation.
 t - a ring of see invisible
 P - a ring of protection from cold
 T - the ring "Huig" (right hand) {rC- Str+8 Int+6 Dex+4 Stlth-}
   (You found it on level 5 of the Lair of Beasts)

   [ring of intelligence]

   Str+8:     It affects your strength (+8).
   Int+6:     It affects your intelligence (+6).
   Dex+4:     It affects your dexterity (+4).
   rC-:       It makes you vulnerable to cold.
   Stlth-:    It makes you less stealthy.
 Y - the ring "Luorgh Jumucw" {Wiz Dex+2}
   (You found it on level 5 of the Lair of Beasts)

   [ring of wizardry]

   Wiz:       It improves your spell success rate.
   Dex+2:     It affects your dexterity (+2).
Wands
 a - a wand of charming (10)
 n - a wand of flame (26)
 p - a wand of roots (4)
 r - a wand of quicksilver (40)
 B - a wand of polymorph (28)
 M - a wand of mindburst (8)
 R - a wand of digging (6)
Scrolls
 l - 2 scrolls of revelation
 m - 4 scrolls of immolation
 u - 3 scrolls of blinking
 w - a scroll of butterflies
 C - 2 scrolls of identify
 D - 4 scrolls of fear
 E - 8 scrolls of teleportation
 I - a scroll of fog
 K - 3 scrolls of poison
 S - 3 scrolls of brand weapon
Potions
 c - 3 potions of enlightenment
 f - 4 potions of heal wounds
 g - a potion of ambrosia
 i - 7 potions of mutation
 k - a potion of berserk rage
 o - a potion of lignification
 v - 4 potions of haste
 z - a potion of cancellation
 A - 5 potions of curing
 F - a potion of brilliance
 G - 3 potions of attraction
 H - 4 potions of might
 J - 2 potions of magic
Miscellaneous
 U - a box of beasts
 V - a condenser vane
 W - a phantom mirror


   Skills:
 + Level 13.8 Fighting
 + Level 12.9 Axes
 - Level 7.4 Throwing
 + Level 14.3 Armour
 + Level 12.8 Dodging
 - Level 12.5 Evocations


You had 15 spell levels left.
You didn't know any spells.
Your spell library contained the following spells:

 Spells                   Type           Power      Damage    Failure   Level
 Foxfire                  Conj/Fire      0%         2x1d4     43%         1
 Necrotise                Necr           0%         1d4       43%         1
 Slow                     Hex            0%         N/A       43%         1
 Scorch                   Fire           0%         2d5       56%         2
 Confusing Touch          Hex            0%         N/A       80%         3
 Frozen Ramparts          Ice            0%         1d1       80%         3
 Gell's Gravitas          Tloc           0%         N/A       80%         3
 Portal Projectile        Hex/Tloc       0%         N/A       80%         3
 Summon Guardian Golem    Hex/Summ       0%         N/A       80%         3
 Teleport Other           Tloc           0%         N/A       80%         3
 Tukima's Dance           Hex            0%         N/A       80%         3
 Vampiric Draining        Necr           0%         2d6       80%         3
 Flame Wave               Conj/Fire      0%         2d4       99%         4
 Iskenderun's Mystic Bla  Conj/Tloc      0%         2d3       99%         4
 Leda's Liquefaction      Hex/Erth       0%         N/A       99%         4
 Manifold Assault         Tloc           0%         N/A       99%         4
 Petrify                  Tmut/Erth      0%         N/A       99%         4
 Agony                    Necr           0%         N/A       100%        5
 Lee's Rapid Deconstruct  Erth           0%         3d4*      100%        5
 Metabolic Englaciation   Hex/Ice        0%         N/A       100%        5
 Dispersal                Tloc           0%         N/A       100%        6
 Leda's Unmaking          Conj/Erth      0%         9d1       100%        6
 Plasma Beam              Fire/Air       0%         2x1d10    100%        6
 Starburst                Conj/Fire      0%         6d3       100%        6
 Summon Cactus Giant      Summ           0%         N/A       100%        6
 Malign Gateway           Summ/Tloc      0%         N/A       100%        7
 Disjunction              Tloc           0%         N/A       100%        8


Dungeon Overview and Level Annotations

Branches:
Dungeon (15/15)            Temple (0/1) D:7            Lair (5/5) D:11
  Swamp (0/4) Lair:2       Spider (0/4) Lair:3        Slime (5/5) Lair:5
    Orc (2/2) D:10            Elf (0/3) Orc:2        Vaults (2/5) D:14
 Depths (0/4) D:15          Sewer (visited)           IceCv (visited)
Gauntlet (visited)
  Crypt: Vaults:2-3

Altars:
Cheibriados
Dithmenos
Nemelex Xobeh
Okawaru
Qazlal
Ru
Vehumet
Wu Jian
Xom
Jiyva

Shops:
D:6 *?*[*   D:7 **   Orc:2 !=?:   Vaults:2 =[

Annotations:
Slime:5 Royal Jelly


Innate Abilities, Weirdness & Mutations

You are completely covered in slimy green scales. (AC +4, rPois)
A meltable icy envelope protects you from harm. (AC +0)
You sometimes gain power by taking damage.
A meltable shield of frost defends you. (SH +0)
Your touch may irresistibly damage your foes and sap their willpower.
You have a pair of small horns on your head.
You are agile. (Dex +4, Str/Int -1)
Your mind is acute. (Int +4, Str/Dex -1)
You have a greatly increased reservoir of magic. (+30% MP)
You are strong-willed. (Will+)
Your rubbery body absorbs attacks. (AC +1, EV +1)
Your translucent skin reduces your foes' accuracy. (Stealth+)
Your movements are significantly less encumbered by armour. (ER -6)
Your melee attacks may engulf your foes in ooze.


Message History

You touch the iron troll!
You sap its willpower!
The iron troll is severely wounded.
You closely miss something. You slash the skeletal warrior!
You burn the skeletal warrior. You closely miss the vault sentinel.
The vault sentinel is asphyxiated!
The boggart gestures wildly while chanting.
The boggart flickers and vanishes!
A deep troll comes into view.
Something hits you but does no damage.
The vault sentinel hits you but does no damage.
The skeletal warrior hits you with a +1 flail of draining.
You feel drained.
An ironbound frostheart comes into view.
The iron troll closely misses you.
The iron troll claws you but does no damage.
The iron troll claws you!
The ironbound frostheart shouts!
You hit the iron troll but do no damage.
You headbutt the iron troll.
The iron troll is severely wounded.
You closely miss the skeletal warrior. You slash the vault sentinel!
You burn the vault sentinel.
You kill the vault sentinel!
You miss something. Something completely misses you.
The vault sentinel blows a loud note on a signal horn!
The skeletal warrior hits you with a +1 flail of draining.
You feel drained.
You hear a horrible gurgling sound! x2; You hear a shout!
Unknown command.
You hit the iron troll but do no damage.
The iron troll is severely wounded.
You hit the yaktaur. You burn the yaktaur. You slash something!
You burn something. You hit the skeletal warrior.
You burn the skeletal warrior. The iron troll bites you!!
* * * LOW HITPOINT WARNING * * *
The iron troll barely misses you.
The iron troll claws you but does no damage.
The ironbound frostheart calls freezing cold from the walls.
The frost grips you!!
You die...

...ยง...O.....########
#...........+......#
.#.....Y.....#.J....+
....#.....)..#..#####
#....?......#..##..#
##....#######..+'..#
#k##.# #..##..# #..
..# #####k.# #####
.......# #.{@T.T#
####...# #k.#...#
#.)zcp.#####......#
#......#
######'##.........#
k......#
#............#
#............#
#...p........#
#............##
###.....J......
###........#.


You could see an iron troll (weak-willed), a skeletal warrior (engulfed), an
ironbound frostheart, a deep troll, a vault sentinel (catching breath), a
lindwurm and a yaktaur (corroded).

Vanquished Creatures
  A sphinx (Vaults:2)
  Kirke (D:13)
  3 vault wardens (Vaults:1)
  The ghost of Cophusiv the Bludgeoner, a journeyman DsGl of Hepliaklqana (D:15)
  An orc warlord (Orc:1)
  4 ironbound preservers (Vaults:1)
  2 ironbound thunderhulks (Vaults:2)
  A dire elephant (Vaults:2)
  An entropy weaver (Vaults:1)
  An ettin (D:15)
  Josephine (D:13)
  5 yaktaur captains
  A deep elf high priest (Vaults:1)
  A peacekeeper (Vaults:1)
  4 ogre magi (Orc:2)
  6 hydras
  A ghost crab (Lair:2)
  8 centaur warriors
  3 catoblepae
  4 tengu warriors
  7 death yaks
  17 two-headed ogres
  4 boulder beetles
  A death knight (D:15)
  Urug (D:13)
  A demonic crawler (Lair:3)
  Nergalle (Lair:2)
  Sonja (Lair:5)
  A skyshark (Lair:4)
  A hell knight (D:15)
  2 sixfirhies (Gauntlet)
  9 skeletal warriors
  18 deep trolls (Vaults:1)
  6 wizards
  Pikel (D:9)
  9 lindwurms
  2 ironbound convokers
  4 orc knights
  3 deep elf pyromancers
  3 orc sorcerers
  A wolf spider (Lair:3)
  3 manticores
  3 cyclopes
  3 oklob plants (Lair:5)
  A tengu skeleton (Vaults:2)
  13 ugly things
  2 stone giant skeletons (Vaults:2)
  12 elephants
  5 vault sentinels
  3 black mambas
  2 gargoyles
  A torpor snail (Lair:3)
  Jeremiah (Lair:1)
  4 ice statues
  16 cane toads
  Psyche (D:8)
  Maggie (D:7)
  9 yaktaurs
  8 komodo dragons
  4 unseen horrors
  5 rime drakes
  A yaktaur skeleton (Vaults:2)
  An efreet (D:15)
  3 tengu conjurers
  9 trolls
  3 meliai (Gauntlet)
  A polar bear (Lair:2)
  A hornet (D:8)
  A raiju (Gauntlet)
  18 blink frogs
  2 dream sheep (Lair:5)
  A jumping spider (Vaults:1)
  2 vampires
  A spectral black mamba (Lair:2)
  3 shadows
  60 yaks
  6 wyverns
  A dire elephant simulacrum (IceCv)
  4 steam dragons
  8 wraiths
  A spectral komodo dragon (Lair:2)
  3 vampire mosquitoes (D:12)
  10 basilisks
  3 neqoxecs (D:15)
  A spectral cane toad (Lair:2)
  2 redbacks (Vaults:1)
  6 wargs (Orc:1)
  16 water moccasins
  33 orc warriors
  2 black bears
  11 ice beasts (D:11)
  2 sky beasts
  A black bear (shapeshifter) (D:14)
  6 wolves (Lair:5)
  15 centaurs
  29 ogres
  A lemure (D:9)
  2 kobold brigands
  11 bullfrogs
  5 scorpions
  A spectral wyvern (Lair:2)
  A human skeleton (Vaults:2)
  A gnoll sergeant (D:9)
  2 cane toad simulacra (IceCv)
  6 wights (D:8)
  An elephant simulacrum (IceCv)
  3 killer bees (D:8)
  6 howler monkeys (D:10)
  A lava snake (Lair:4)
  5 jellies
  3 quasits (D:15)
  2 hounds
  12 orc priests
  An iguana (D:3)
  A gnoll bouda (D:5)
  An iron imp (D:8)
  20 orc wizards
  Ijyb (D:4)
  2 sleepcaps (D:6)
  Robin (D:4)
  12 gnolls
  14 adders
  A river rat (Sewer)
  4 shadow imps
  14 white imps
  2 ufetubi
  4 worms
  84 orcs
  6 endoplasms
  8 giant cockroaches
  16 goblins
  7 hobgoblins
  15 kobolds
  7 quokkas
  8 ball pythons
  4 bats
  2 frilled lizards
  8 rats
813 creatures vanquished.

Vanquished Creatures (collateral kills)
  An orc warlord (Vaults:1)
  A minotaur (Gauntlet)
  A boulder beetle (D:14)
  An orc knight (Vaults:1)
  A deep elf pyromancer (D:12)
  2 ice statues (D:11)
  A yaktaur (Vaults:1)
  An orc wizard (D:13)
  3 orcs
12 creatures vanquished.

Vanquished Creatures (others)
  A formless jellyfish (Vaults:1)
  An ironbound preserver (Vaults:1)
  A great orb of eyes (Vaults:2)
  A centaur warrior (D:13)
  A deep troll earth mage (Vaults:2)
  A flayed ghost (Vaults:2)
  A deep troll (Vaults:1)
  A wizard (Vaults:2)
  A steelbarb worm (shapeshifter) (Vaults:2)
  A shining eye (shapeshifter) (Vaults:2)
  2 yaktaurs (Vaults:1)
  A tarantella (shapeshifter) (D:14)
  17 slime creatures
  2 yaks (D:10)
  2 humans (D:13)
  4 vampire mosquitoes (D:12)
  3 water moccasins
  An orc warrior (Orc:1)
  An ogre (D:13)
  2 boggarts (Vaults:2)
  2 centaurs
  2 killer bees
  92 jellies
  An orc priest (D:10)
  5 orcs
  A butterfly (Lair:4)
148 creatures vanquished.

Grand Total: 973 creatures vanquished

Notes
Turn   | Place    | Note
-------+----------+-------------------------------------------
     0 | D:1      | Juicyj the Demonspawn Gladiator began the quest for the
                  | Orb.
     0 | D:1      | Reached XP level 1. HP: 16/16 MP: 1/1
   258 | D:1      | Found a faded altar of an unknown god.
   279 | D:1      | Gained mutation: Your touch may inflict minor irresistible
                  | damage on your foes. [demonic ancestry]
   279 | D:1      | Reached XP level 2. HP: 22/22 MP: 2/2
  1010 | D:2      | Gained mutation: Your touch may inflict irresistible damage
                  | on your foes. [demonic ancestry]
  1010 | D:2      | Reached XP level 3. HP: 28/28 MP: 3/3
  1411 | D:3      | Gained mutation: You sometimes gain a little power by
                  | taking damage. [demonic ancestry]
  1411 | D:3      | Reached XP level 4. HP: 34/34 MP: 4/4
  1428 | D:3      | Reached skill level 1 in Armour
  1862 | D:4      | Noticed a black bear
  1867 | D:4      | Killed a black bear
  1868 | D:4      | Reached skill level 2 in Armour
  1868 | D:4      | Gained mutation: You are partially covered in slimy green
                  | scales. (AC +2) [demonic ancestry]
  1868 | D:4      | Reached XP level 5. HP: 41/41 MP: 5/5
  1973 | D:4      | Noticed Ijyb
  1989 | D:4      | Killed Ijyb
  1998 | D:4      | Found a shadowy altar of Dithmenos.
  2000 | D:4      | Noticed Robin
  2003 | D:4      | Killed Robin
  2004 | D:4      | Gained mutation: You sometimes gain power by taking damage.
                  | [demonic ancestry]
  2004 | D:4      | Reached XP level 6. HP: 34/47 MP: 6/6
  2622 | D:4      | Found a sacrificial altar of Ru.
  2624 | D:4      | Found an ornate altar of the Wu Jian Council.
  2632 | D:4      | Found a stormy altar of Qazlal.
  2710 | D:4      | Found a sparkling altar of Nemelex Xobeh.
  2714 | D:4      | Found a shimmering altar of Xom.
  2715 | D:4      | Found a radiant altar of Vehumet.
  2938 | D:5      | Entered Level 5 of the Dungeon
  3038 | D:5      | Reached skill level 3 in Armour
  3068 | D:5      | Gained mutation: A meltable shield of frost defends you.
                  | (SH +0) [demonic ancestry]
  3068 | D:5      | Reached XP level 7. HP: 24/53 MP: 7/7
  3577 | D:5      | Reached skill level 4 in Armour
  3729 | D:6      | Found Gooveff's General Store.
  3740 | D:6      | Found a glowing drain.
  3756 | Sewer    | Entered a sewer
  3893 | Sewer    | Reached XP level 8. HP: 59/60 MP: 8/8
  3907 | Sewer    | Found a viscous altar of Jiyva.
  4002 | Sewer    | Became a worshipper of Jiyva Joaly the Shapeless
  4063 | D:6      | Found Jyept's Assorted Antiques.
  4070 | D:6      | Bought a scroll labelled KAUNOU LAROHI for 21 gold pieces
  4213 | D:6      | Reached * piety under Jiyva
  4281 | D:6      | Found Coalonk's Magic Scroll Emporium.
  4287 | D:6      | Bought a scroll of enchant armour for 90 gold pieces
  4287 | D:6      | Bought a scroll of identify for 24 gold pieces
  4287 | D:6      | Bought a scroll of identify for 24 gold pieces
  4287 | D:6      | Bought a scroll of identify for 24 gold pieces
  4303 | D:6      | Found Qekhlaecs's Assorted Antiques.
  4359 | D:6      | Bought a scroll of identify for 20 gold pieces
  4359 | D:6      | Bought a scroll of identify for 20 gold pieces
  4468 | D:6      | Reached skill level 5 in Armour
  4557 | D:6      | Found Madoeb's Antique Armour Shop.
  4656 | D:6      | Reached ** piety under Jiyva
  4734 | D:6      | Noticed a troll
  4743 | D:6      | Killed a troll
  4744 | D:6      | Reached skill level 5 in Fighting
  4744 | D:6      | Reached skill level 5 in Axes
  4744 | D:6      | Reached skill level 5 in Dodging
  4996 | D:7      | Gained mutation: You are mostly covered in slimy green
                  | scales. (AC +3) [demonic ancestry]
  4996 | D:7      | Reached XP level 9. HP: 53/68 MP: 9/9
  5038 | D:7      | Reached skill level 6 in Armour
  5075 | D:6      | Bought a glowing scarf for 224 gold pieces
  5366 | D:7      | Noticed Maggie
  5372 | D:7      | Killed Maggie
  5453 | D:7      | Found a staircase to the Ecumenical Temple.
  5515 | D:7      | Found Naemoemn's Specific Store.
  5521 | D:7      | Found Ilolal's General Store.
  5525 | D:7      | Bought 2 throwing nets for 66 gold pieces
  5525 | D:7      | Bought a scroll of identify for 22 gold pieces
  5749 | D:8      | Reached *** piety under Jiyva
  5759 | D:8      | Reached skill level 5 in Throwing
  5817 | D:8      | Noticed Psyche
  5837 | D:8      | Killed Psyche
  5976 | D:8      | Noticed a white ugly thing
  5985 | D:8      | Killed a white ugly thing
  5986 | D:8      | Reached skill level 7 in Armour
  6008 | D:8      | Paralysed by a hornet for 1 turns
  6010 | D:8      | Paralysed by a hornet for 1 turns
  6025 | D:8      | Reached XP level 10. HP: 23/76 MP: 10/10
  6382 | D:8      | Found a snail-covered altar of Cheibriados.
  6500 | D:8      | Noticed a two-headed ogre
  6507 | D:8      | Killed a two-headed ogre
  6508 | D:8      | Reached skill level 8 in Armour
  6833 | D:9      | Gained mutation: Your body has grown eyes which may confuse
                  | attackers. (Acc +3) [Jiyva's grace]
  6833 | D:9      | Gained mutation: Your body has grown many eyes which may
                  | confuse attackers. (Acc +5) [Jiyva's grace]
  6833 | D:9      | Gained mutation: Your body is covered in eyes which may
                  | confuse attackers. (Acc +7, SInv) [Jiyva's grace]
  6833 | D:9      | Gained mutation: Your rubbery body absorbs attacks. (AC +1,
                  | EV +1) [Jiyva's grace]
  7001 | D:9      | Noticed Pikel
  7011 | D:9      | Killed Pikel
  7012 | D:9      | Gained mutation: You are completely covered in slimy green
                  | scales. (AC +4, rPois) [demonic ancestry]
  7012 | D:9      | Reached XP level 11. HP: 84/84 MP: 11/11
  7097 | D:9      | Reached **** piety under Jiyva
  7194 | D:9      | Reached skill level 9 in Armour
  7573 | D:10     | Entered Level 10 of the Dungeon
  7661 | D:10     | Found a staircase to the Orcish Mines.
  7745 | D:10     | Noticed a two-headed ogre
  7755 | D:10     | Killed a two-headed ogre
  8235 | D:11     | Reached ***** piety under Jiyva
  8270 | D:11     | Found a gate leading to a gauntlet.
  8279 | Gauntlet | Entered a Gauntlet
  8279 | Gauntlet | Found a transporter.
  8279 | Gauntlet | Found a transporter.
  8284 | Gauntlet | Found a transporter.
  8284 | Gauntlet | Found a transporter.
  8287 | Gauntlet | Noticed a green death
  8296 | Gauntlet | Found a large runed translucent door.
  8305 | Gauntlet | Found a transporter.
  8311 | Gauntlet | Noticed a sixfirhy
  8312 | Gauntlet | Noticed a sixfirhy
  8315 | Gauntlet | Found a transporter.
  8315 | Gauntlet | Found a transporter.
  8319 | Gauntlet | Found a transporter.
  8346 | Gauntlet | Found a transporter.
  8351 | Gauntlet | Lost mutation: Your body is covered in eyes which may
                  | confuse attackers. (Acc +7, SInv) [Jiyva's grace]
  8351 | Gauntlet | Gained mutation: You have a small jelly attached to you
                  | that may absorb projectiles. [Jiyva's grace]
  8351 | Gauntlet | Gained mutation: You are strong-willed. (Will+) [Jiyva's
                  | grace]
  8351 | Gauntlet | Gained mutation: You are highly strong-willed. (Will++)
                  | [Jiyva's grace]
  8351 | Gauntlet | Gained mutation: You are extremely strong-willed. (Will+++)
                  | [Jiyva's grace]
  8355 | Gauntlet | Found a transporter.
  8377 | Gauntlet | Found a transporter.
  8411 | Gauntlet | Found a transporter.
  8432 | Gauntlet | Found a transporter.
  8513 | Gauntlet | Found a transporter.
  8528 | Gauntlet | Found a transporter.
  8530 | Gauntlet | Found a large runed translucent door.
  8530 | Gauntlet | Found a large runed translucent door.
  8531 | Gauntlet | Found a large runed translucent door.
  8531 | Gauntlet | Found a large runed translucent door.
  8532 | Gauntlet | Found a runed translucent door.
  8532 | Gauntlet | Found a large runed translucent door.
  8532 | Gauntlet | Found a runed translucent door.
  8532 | Gauntlet | Found a large runed translucent door.
  8532 | Gauntlet | Found a large runed translucent door.
  8533 | Gauntlet | Found a large runed translucent door.
  8533 | Gauntlet | Found a large runed translucent door.
  8536 | Gauntlet | Found a large runed translucent door.
  8536 | Gauntlet | Found a large runed translucent door.
  8538 | Gauntlet | Found a large runed translucent door.
  8538 | Gauntlet | Found a large runed translucent door.
  8538 | Gauntlet | Found a large runed translucent door.
  8540 | Gauntlet | Found a runed translucent gate.
  8540 | Gauntlet | Found a runed translucent gate.
  8540 | Gauntlet | Found a runed translucent gate.
  8542 | Gauntlet | Found a transporter.
  8553 | Gauntlet | Found a large runed translucent door.
  8692 | Gauntlet | Reached skill level 10 in Armour
  8699 | Gauntlet | Identified the ring "Ahihas" {rPois rN+ Will+ Dex-3}
  8744 | Gauntlet | Killed a sixfirhy
  8752 | Gauntlet | Killed a sixfirhy
  8798 | Gauntlet | Noticed a minotaur
  8810 | Gauntlet | Killed a minotaur
  8818 | Gauntlet | Identified the +0 ring mail of Qoastu Qaxki {Fly MP-9 Str-3
                  | Dex+5}
  8818 | Gauntlet | Identified the +1 scale mail "Fonigy" {*Slow rElec Will+}
  8821 | Gauntlet | Upgraded the game from 0.31-a0-662-g684573625c to
                  | 0.31-a0-675-g238779eb0a
  8977 | D:11     | Found a staircase to the Lair.
  8998 | D:11     | Reached skill level 1 in Evocations
  9005 | D:11     | Gained mutation: Your touch may irresistibly damage your
                  | foes and sap their willpower. [demonic ancestry]
  9005 | D:11     | Reached XP level 12. HP: 94/94 MP: 12/12
  9122 | D:11     | Noticed a two-headed ogre
  9128 | D:11     | Killed a two-headed ogre
  9156 | D:11     | Reached skill level 5 in Evocations
  9725 | D:11     | Identified the +5 spear "Hocwab" {spect, rElec rF+ Int+3
                  | Dex+4}
  9990 | D:12     | You fall into a shaft and drop 2 floors!
  9996 | D:14     | Noticed a boulder beetle
 10004 | D:14     | Killed a boulder beetle
 10042 | D:14     | Found an iron altar of Okawaru.
 10042 | D:14     | Noticed a six-headed hydra
 10051 | D:14     | Killed a three-headed hydra
 10077 | D:13     | Noticed a tengu warrior
 10094 | D:13     | Killed a tengu warrior
 10159 | D:13     | Noticed Urug
 10170 | D:13     | Killed Urug
 10182 | D:13     | Noticed a centaur warrior
 10193 | D:13     | Noticed a centaur warrior
 10198 | D:13     | Noticed a centaur warrior
 10199 | D:13     | Killed a centaur warrior
 10200 | D:13     | Killed a centaur warrior
 10201 | D:13     | Reached skill level 10 in Evocations
 10213 | D:13     | Killed a centaur warrior
 10297 | D:13     | Noticed Kirke
 10300 | D:13     | Noticed a boulder beetle
 10306 | D:13     | Noticed Josephine
 10308 | D:13     | Killed Kirke
 10317 | D:13     | Killed a boulder beetle
 10318 | D:13     | Reached XP level 13. HP: 56/99 MP: 13/13
 10335 | D:13     | Killed Josephine
 10440 | D:13     | Reached ****** piety under Jiyva
 10456 | D:13     | Lost mutation: Your body has grown many eyes which may
                  | confuse attackers. (Acc +5) [Jiyva's grace]
 10456 | D:13     | Gained mutation: You have large cloven feet. [Jiyva's
                  | grace]
 10456 | D:13     | Gained mutation: You have hoof-like feet. [Jiyva's grace]
 10456 | D:13     | Gained mutation: You have hooves in place of feet. [Jiyva's
                  | grace]
 10456 | D:13     | Gained mutation: Your pliable body absorbs attacks. (AC +2,
                  | EV +2) [Jiyva's grace]
 11958 | Lair:1   | Entered Level 1 of the Lair of Beasts
 12086 | D:14     | Found a gate to the Vaults.
 12355 | D:15     | Entered Level 15 of the Dungeon
 12465 | D:15     | Reached skill level 11 in Armour
 12541 | D:15     | Gained mutation: Your mind is acute. (Int +4, Str/Dex -1)
                  | [Jiyva's grace]
 12541 | D:15     | Gained mutation: Your mind is very acute. (Int +8, Str/Dex
                  | -2) [Jiyva's grace]
 12541 | D:15     | Gained mutation: You are somewhat resistant to further
                  | mutation. [Jiyva's grace]
 12541 | D:15     | Gained mutation: You are somewhat resistant to both further
                  | mutation and mutation removal. [Jiyva's grace]
 12598 | D:15     | Noticed an ettin
 12675 | D:15     | Killed an ettin
 12701 | D:15     | Gained mutation: A meltable icy envelope protects you from
                  | harm. (AC +0) [demonic ancestry]
 12701 | D:15     | Reached XP level 14. HP: 87/108 MP: 14/14
 12720 | D:15     | Found a staircase to the Depths.
 12771 | D:15     | Noticed Cophusiv's ghost (journeyman DsGl)
 12827 | D:15     | Found a transporter.
 12853 | D:15     | Found a transporter.
 13146 | D:15     | Gained mutation: Potions are less effective at restoring
                  | your health. [a neqoxec]
 13160 | D:15     | Killed Cophusiv's ghost
 13348 | Lair:1   | Reached skill level 10 in Fighting
 13388 | Lair:1   | Noticed Jeremiah
 13396 | Lair:1   | Killed Jeremiah
 13951 | Lair:2   | Lost mutation: You have hooves in place of feet. [Jiyva's
                  | grace]
 13951 | Lair:2   | Lost mutation: Your mind is very acute. (Int +8, Str/Dex
                  | -2) [Jiyva's grace]
 13951 | Lair:2   | Lost mutation: You are somewhat resistant to both further
                  | mutation and mutation removal. [Jiyva's grace]
 13951 | Lair:2   | Lost mutation: Your body has grown eyes which may confuse
                  | attackers. (Acc +3) [Jiyva's grace]
 13951 | Lair:2   | Lost mutation: Potions are less effective at restoring your
                  | health. [Jiyva's grace]
 13951 | Lair:2   | Gained mutation: Your translucent skin slightly reduces
                  | your foes' accuracy. (Stealth+) [Jiyva's grace]
 13951 | Lair:2   | Gained mutation: Your translucent skin reduces your foes'
                  | accuracy. (Stealth+) [Jiyva's grace]
 13951 | Lair:2   | Gained mutation: Your transparent skin significantly
                  | reduces your foes' accuracy. (Stealth+) [Jiyva's grace]
 13951 | Lair:2   | Gained mutation: Your muscles are strong. (Str +4, Int/Dex
                  | -1) [Jiyva's grace]
 14447 | Lair:2   | Noticed Nergalle
 14455 | Lair:2   | Killed Nergalle
 14688 | Lair:2   | Found a staircase to the Swamp.
 14694 | Lair:2   | Reached skill level 10 in Axes
 14853 | Lair:3   | You fall into a shaft and drop 2 floors!
 14853 | Lair:5   | Entered Level 5 of the Lair of Beasts
 14861 | Lair:5   | Reached skill level 10 in Dodging
 14868 | Lair:5   | Reached skill level 12 in Armour
 15077 | Lair:5   | Noticed Sonja
 15121 | Lair:5   | Killed Sonja
 15189 | Lair:5   | Reached XP level 15. HP: 91/118 MP: 15/15
 15208 | Lair:5   | Identified the ring "Huig" {rC- Str+8 Int+6 Dex+4 Stlth-}
 15231 | Lair:5   | Found the +8 lance "Wyrmbane" {slay drac, rPois rF+ rC+
                  | AC+3}
 15246 | Lair:5   | Got the Reference Book on the Flock
 15248 | Lair:5   | Identified the ring "Luorgh Jumucw" {Wiz Dex+2}
 15429 | Lair:5   | Found a viscous altar of Jiyva.
 15431 | Lair:5   | Found a staircase to the Slime Pits.
 15526 | Lair:5   | Lost mutation: You are extremely strong-willed. (Will+++)
                  | [Jiyva's grace]
 15526 | Lair:5   | Gained mutation: You have a pair of small horns on your
                  | head. [Jiyva's grace]
 15526 | Lair:5   | Gained mutation: You have a pair of horns on your head.
                  | [Jiyva's grace]
 15526 | Lair:5   | Gained mutation: You have a pair of large horns on your
                  | head. [Jiyva's grace]
 15526 | Lair:5   | Gained mutation: Armour fits poorly on your pseudopods.
                  | [Jiyva's grace]
 15975 | Lair:4   | Found a frozen archway.
 15992 | IceCv    | Entered an ice cave
 16025 | IceCv    | Found a transporter.
 16033 | IceCv    | Found a transporter.
 16976 | Lair:3   | Lost mutation: Your muscles are strong. (Str +4, Int/Dex
                  | -1) [Jiyva's grace]
 16976 | Lair:3   | Lost mutation: You have a small jelly attached to you that
                  | may absorb projectiles. [Jiyva's grace]
 16976 | Lair:3   | Gained mutation: You are somewhat resistant to both further
                  | mutation and mutation removal. [Jiyva's grace]
 16976 | Lair:3   | Gained mutation: You are almost entirely resistant to
                  | further mutation and mutation removal. [Jiyva's grace]
 16976 | Lair:3   | Gained mutation: You are agile. (Dex +4, Str/Int -1)
                  | [Jiyva's grace]
 16976 | Lair:3   | Gained mutation: You are very agile. (Dex +8, Str/Int -2)
                  | [Jiyva's grace]
 17156 | Lair:3   | Found a hole to the Spider Nest.
 17259 | Lair:3   | Identified the +6 flail "Muqux" {freeze, rF+ Will+ Dex+2}
 17588 | Slime:1  | Entered Level 1 of the Pits of Slime
 17592 | Slime:1  | Noticed an azure jelly
 17598 | Slime:3  | Noticed a rockslime
 17729 | Slime:5  | Entered Level 5 of the Pits of Slime
 17729 | Slime:5  | Noticed an acid blob
 17743 | Slime:5  | Noticed a rockslime
 17778 | Slime:5  | Found a viscous altar of Jiyva.
 17778 | Slime:5  | Noticed an acid blob
 17778 | Slime:5  | Noticed an acid blob
 17782 | Slime:5  | Noticed the Royal Jelly
 17784 | Slime:5  | Noticed an acid blob
 17789 | Slime:5  | Identified the ring of Miog {rN+ rCorr Int+7}
 17795 | Slime:5  | Noticed a rockslime
 17807 | Slime:5  | Noticed a rockslime
 17808 | Slime:5  | Noticed a rockslime
 17818 | Slime:5  | Noticed an azure jelly
 17819 | Slime:5  | Noticed an azure jelly
 17907 | Slime:5  | Noticed a rockslime
 17916 | Slime:5  | Identified the amulet "Kybb" {Acrobat -Tele rElec Int+3
                  | Dex+4}
 17919 | Slime:5  | Got a slimy rune of Zot
 17944 | Slime:5  | Noticed an acid blob
 17954 | Slime:5  | Noticed an acid blob
 18219 | Orc:1    | Entered Level 1 of the Orcish Mines
 18242 | Orc:1    | Reached skill level 13 in Armour
 18459 | Orc:2    | Entered Level 2 of the Orcish Mines
 18991 | Orc:2    | Found Xathrihei's Magic Scroll Shoppe.
 18991 | Orc:2    | Found Itym's Distillery.
 18995 | Orc:2    | Reached XP level 16. HP: 129/129 MP: 16/16
 18995 | Orc:2    | Found Yzxeajot's Book Boutique.
 18995 | Orc:2    | Found Wiss's Jewellery Shoppe.
 19015 | Orc:2    | Bought a scroll of enchant weapon for 82 gold pieces
 19015 | Orc:2    | Bought a scroll of fear for 44 gold pieces
 19015 | Orc:2    | Bought a scroll of identify for 22 gold pieces
 19015 | Orc:2    | Bought a scroll of blinking for 82 gold pieces
 19015 | Orc:2    | Bought a scroll of blinking for 82 gold pieces
 19018 | Orc:2    | Bought a potion of haste for 140 gold pieces
 19018 | Orc:2    | Bought a potion of enlightenment for 70 gold pieces
 19018 | Orc:2    | Bought a potion of heal wounds for 70 gold pieces
 19018 | Orc:2    | Bought a potion of curing for 42 gold pieces
 19020 | Orc:2    | Found a staircase to the Elven Halls.
 19213 | Orc:2    | Lost mutation: You have hoof-like feet. [Jiyva's grace]
 19213 | Orc:2    | Lost mutation: You are very agile. (Dex +8, Str/Int -2)
                  | [Jiyva's grace]
 19213 | Orc:2    | Lost mutation: You are highly strong-willed. (Will++)
                  | [Jiyva's grace]
 19213 | Orc:2    | Lost mutation: You are almost entirely resistant to further
                  | mutation and mutation removal. [Jiyva's grace]
 19213 | Orc:2    | Lost mutation: You are somewhat resistant to both further
                  | mutation and mutation removal. [Jiyva's grace]
 19213 | Orc:2    | Lost mutation: Your pliable body absorbs attacks. (AC +2,
                  | EV +2) [Jiyva's grace]
 19213 | Orc:2    | Lost mutation: Your transparent skin significantly reduces
                  | your foes' accuracy. (Stealth+) [Jiyva's grace]
 19213 | Orc:2    | Gained mutation: You have an increased reservoir of magic.
                  | (+10% MP) [Jiyva's grace]
 19213 | Orc:2    | Gained mutation: You have a considerably increased
                  | reservoir of magic. (+20% MP) [Jiyva's grace]
 19213 | Orc:2    | Gained mutation: You have a greatly increased reservoir of
                  | magic. (+30% MP) [Jiyva's grace]
 19213 | Orc:2    | Gained mutation: You are highly strong-willed. (Will++)
                  | [Jiyva's grace]
 19484 | Vaults:1 | Entered Level 1 of the Vaults
 19858 | Vaults:1 | Found Vyxeb's Assorted Antiques.
 20452 | Vaults:1 | Reached skill level 14 in Armour
 20501 | Vaults:1 | Found the +15 Maxwell's patent armour {-Cast -Tele rElec
                  | Will+ rCorr}
 20545 | Vaults:1 | Lost mutation: You have large cloven feet. [Jiyva's grace]
 20545 | Vaults:1 | Lost mutation: You have a pair of large horns on your head.
                  | [Jiyva's grace]
 20545 | Vaults:1 | Lost mutation: You have a pair of horns on your head.
                  | [Jiyva's grace]
 20545 | Vaults:1 | Lost mutation: You are highly strong-willed. (Will++)
                  | [Jiyva's grace]
 20545 | Vaults:1 | Lost mutation: You are somewhat resistant to further
                  | mutation. [Jiyva's grace]
 20545 | Vaults:1 | Lost mutation: Armour fits poorly on your pseudopods.
                  | [Jiyva's grace]
 20545 | Vaults:1 | Gained mutation: Your melee attacks may engulf your foes in
                  | ooze. [Jiyva's grace]
 20545 | Vaults:1 | Gained mutation: Your movements are slightly less
                  | encumbered by armour. (ER -2) [Jiyva's grace]
 20545 | Vaults:1 | Gained mutation: Your movements are less encumbered by
                  | armour. (ER -4) [Jiyva's grace]
 20545 | Vaults:1 | Gained mutation: Your movements are significantly less
                  | encumbered by armour. (ER -6) [Jiyva's grace]
 20902 | Vaults:2 | Found Cask's Armour Emporium.
 20967 | Vaults:2 | Noticed a sphinx
 20974 | Vaults:2 | Paralysed by a sphinx for 5 turns
 20980 | Vaults:2 | Killed a sphinx
 21136 | Vaults:2 | Found Popivifu's Jewellery Shoppe.
 21142 | Vaults:2 | Bought a ring of see invisible for 195 gold pieces
 21157 | Vaults:2 | Identified the +2 dire flail of the Purse {drain, rF+
                  | Dex+3}
 21322 | Vaults:2 | Killed from afar by an ironbound frostheart

Illustrated notes

Levels and vault maps discovered:
D:1:      dpeg_arrival_boxes_within_box, layout_loops_ring,
          basic_ecumenical_altar, minmay_small_reverse_x
D:2:      layout_basic, serial_corexii_hall, corexii_hall_statues_t,
          corexii_hall_statues_s
D:3:      layout_rooms
D:4:      layout_loops_cross, mainiacjoe_overflow_24_doors,
          nicolae_overflow_hallway_of_the_gods, serial_bayou,
          serial_bayou_lagoon_b, serial_bayou_pond_e, serial_bayou_lagoon_a,
          serial_bayou_crossing, uniq_ijyb, uniq_robin
D:5:      dreamdust_elfheim, layout_rooms
D:6:      layout_cave_pods, gup_sewer_entry_pipe, serial_shops, shop, shop,
          shop, nicolae_shop_tiny_glass, nicolae_shop_trees, corner_web_ring,
          chequers_serial_rivers_marsh, minmay_manual_monstrance
D:7:      layout_loops_corners, temple_fountains, nicolae_specific_store,
          uniq_maggie
D:8:      minmay_chambers_of_sevens, layout_basic, chei_slow_surprise,
          uniq_psyche
D:9:      layout_basic, uniq_pikel
D:10:     layout_irregular_city, david_orc_4, corexii_checkpoint_b
D:11:     minmay_ice_pillars, layout_rooms, david_lair_shrubbed,
          gauntlet_entry_generic
D:12:     layout_irregular_city
D:13:     layout_basic, special_room [special_room_orc],
          chequers_serial_rivers_room_b, nicolae_elyvilon_peaceful_grove,
          uniq_josephine, uniq_urug, uniq_kirke
D:14:     layout_cave_pools, david_vaults_2,
          hellmonk_okawaru_the_only_friend_you_need
D:15:     hangedman_depths_entry_civil_slaughter, layout_basic,
          gammafunk_ghost_stat_death
Lair:1:   hellmonk_ruined_rings, layout_regular_city, uniq_jeremiah
Lair:2:   layout_cave_pods, nicolae_swamp_entry_spooky,
          infiniplex_staircase_pool_2, uniq_nergalle
Lair:3:   minmay_lair_venomous_thicket, layout_small_grid,
          nicolae_spider_entry_non_spiders
Lair:4:   layout_gridlike, portal_ice_cave_entry_imps, grunt_megastairs_1,
          lemuel_fruit_fields, serial_bayou_shore_a
Lair:5:   hangedman_lair_in_review, layout_misc_corridors,
          minmay_slime_entry_oklob_enclosed, serial_bayou_pond_d,
          kennysheep_basilisk_garden, lemuel_fruit_tree, uniq_sonja
Slime:1:  layout_caves
Slime:2:  layout_caves
Slime:3:  layout_caves
Slime:4:  layout_caves
Slime:5:  slime_pit_nicolae_trefoil
Orc:1:    layout_caves
Orc:2:    st_orc_ogre_mass, layout_caves, basic_altar
Vaults:1: nicolae_vaults_tetromino_Z_1, st_diamondy, hangedman_vaults_hat,
          vaults_dpeg_encased_lava, v_misc_18, vaults_room_ringed_pool,
          ontoclasm_vaults_chip, vaults_room_stairs_pillars,
          nicolae_vaults_little_ls, layout_vaults_omnigrid, serial_shops, shop
Vaults:2: gammafunk_the_bubble [the_bubble_gammafunk_plus_minus],
          vaults_dpeg_hooks, vaults_mumra_lcd,
          minmay_crypt_entry_skeletal_spiral,
          nicolae_vaults_trapezoid_lopsided_4, nicolae_vaults_tangram_1,
          nicolae_vaults_two_Ls, nicolae_vaults_little_squares_3,
          ontoclasm_vaults_claustrophobia, hangedman_vaults_unwind,
          hangedman_vaults_corner, nicolae_vaults_ellipses_ellipsis, v_rooms_2,
          v_misc_12, hangedman_vaults_stretched_pinwheel, layout_vaults_omnibox,
          serial_hangedman_research, hangedman_research_convocations,
          hangedman_research_metamorphosis, hangedman_research_pyrotechnics,
          serial_shops, nicolae_shop_statue_plus, shop, shop, uniq_xtahua

Skill      XL: |  1  2  3  4  5  6  7  8  9 10 11 12 13 14 15 16 |
---------------+-------------------------------------------------+-----
Throwing       | 2 3 4 5 6 7 |  7.4
Dodging        | 3 4 5 6 7 8 10 11 12 | 12.8
Axes           | 3 4 5 6 7 8 9 10 11 12 | 12.9
Armour         | 2 3 4 5 7 8 10 11 12 13 14 | 14.3
Fighting       | 3 4 5 6 7 8 9 11 12 13 | 13.8
Evocations     | 1 10 12 | 12.5

Action                     |  1- 3 |  4- 6 |  7- 9 | 10-12 | 13-15 | 16-18 || total
---------------------------+-------+-------+-------+-------+-------+-------++-------
  Melee: War axe           |    96 |    16 |       |       |       |       ||   112
         Touch             |     9 |    11 |    39 |    99 |   181 |    76 ||   415
         Unarmed           |       |    13 |       |       |       |       ||    13
         Broad axe         |       |    56 |   225 |   458 |   976 |   302 ||  2017
         Punch             |       |     2 |     3 |    11 |    12 |     4 ||    32
         Kick              |       |       |       |       |   348 |    79 ||   427
         Headbutt          |       |       |       |       |    79 |    95 ||   174
         Pseudopods        |       |       |       |       |    67 |    42 ||   109
  Throw: Throwing net      |       |       |     1 |     4 |       |       ||     5
         Javelin           |       |       |       |     3 |       |       ||     3
  Evoke: Wand              |       |       |       |       |       |     2 ||     2
    Use: Scroll            |       |       |    13 |     7 |     8 |     6 ||    34
         Potion            |       |       |     1 |     6 |     7 |       ||    14
   Stab: Confused          |       |       |       |    27 |    16 |       ||    43
         Distracted        |       |       |       |       |     4 |       ||     4
         Petrified         |       |       |       |       |    10 |       ||    10
         Paralysed         |       |       |       |       |       |     2 ||     2
 Armour: Leather armour    |    57 |       |       |       |       |       ||    57
         Ring mail         |     2 |    75 |   193 |   248 |       |       ||   518
         Skin              |       |     2 |       |       |       |       ||     2
         Plate armour      |       |       |       |   218 |   834 |   296 ||  1348
  Dodge: Dodged            |    64 |    72 |   178 |   457 |  1150 |   415 ||  2336
         Repelled          |       |       |     1 |    12 |    27 |     4 ||    44
  Block: Other             |       |       |    43 |    91 |   200 |    54 ||   388

Table legend: (Time is in decaauts)
 A = Elapsed time spent in this place.
 B = Non-inter-level travel time spent in this place.
 C = Inter-level travel time spent in this place.
 D = Time resting spent in this place.
 E = Time spent auto-exploring this place.
 F = Levels seen in this place.
 G = Mean time per level.
                   A        B        C        D        E       F      G
               +--------+--------+--------+--------+--------+-----+--------+
         Total |  21793 |  20113 |   1680 |    542 |  14426 |  32 |  681.0 |
       Dungeon |  13036 |  12039 |    997 |    338 |   8839 |  15 |  869.1 |
          Lair |   4379 |   3961 |    418 |      0 |   3034 |   5 |  875.8 |
    Slime Pits |    400 |    320 |     80 |      0 |    296 |   5 |   80.0 |
  Orcish Mines |   1119 |   1046 |     73 |     69 |    689 |   2 |  559.5 |
        Vaults |   1832 |   1720 |    112 |    111 |   1103 |   2 |  916.0 |
         Sewer |    307 |    307 |      0 |      0 |    155 |   1 |  307.0 |
      Ice Cave |    139 |    139 |      0 |     24 |     27 |   1 |  139.0 |
      Gauntlet |    577 |    577 |      0 |      0 |    282 |   1 |  577.0 |
               +--------+--------+--------+--------+--------+-----+--------+

Top non-repeatable levels by time:
Vaults:1: 1440 daAuts
    D:13: 1212 daAuts
    D:11: 1201 daAuts
  Lair:5: 1184 daAuts
     D:4: 1170 daAuts
     D:6: 1053 daAuts
    D:12: 984 daAuts
     D:8: 975 daAuts
  Lair:2: 931 daAuts
     D:9: 909 daAuts
    D:15: 868 daAuts
     D:7: 831 daAuts
     D:1: 819 daAuts
  Lair:3: 817 daAuts
    D:10: 747 daAuts
